 Dungeon Crawl Stone Soup version 0.19.1 (webtiles) character file.

2021 M4edhros the Martial Artist (level 9, -7/58 HPs)
             Began as an Octopode Necromancer on Dec 14, 2016.
             Mangled by an unseen horror (8 damage)
             ... on level 6 of the Dungeon on Dec 19, 2016.
             The game lasted 00:19:57 (3333 turns).

M4edhros the Martial Artist (Octopode Necromancer)  Turns: 3333, Time: 00:19:58

Health: -7/58      AC:  1    Str:  8    XL:     9   Next: 23%
Magic:  10/12      EV: 16    Int: 17    God:
Gold:   283        SH:  0    Dex: 15    Spells: 4 memorised, 4 levels left

rFire  . . .     SeeInvis .       - Unarmed
rCold  . . .     Gourm    .     (no shield)
rNeg   . . .     Faith    .     (helmet restricted)
rPois  .         Spirit   .     (no amulet)
rElec  .         Reflect  .     m - ring of protection from magic
rCorr  .         Harm     .     n - ring of protection from magic
MR     ++...                    (no ring)
Stlth  +++.......               (no ring)
                                (no ring)
                                (no ring)
                                (no ring)
                                (no ring)

@: about to teleport, very slightly contaminated
A: almost no armour, stealthy swim, amphibious, 8 rings, constrict 8, camouflage
1, gelatinous body 1
a: no special abilities


You were on level 6 of the Dungeon.
You were not hungry.

You visited 1 branch of the dungeon, and saw 8 of its levels.

You collected 283 gold pieces.

Inventory:

Hand Weapons
 y - the cursed +1 whip "Miboxty" {speed, rElec rF+ MP+9 Int-2 Dex+2, unknown}
   (You found it on level 7 of the Dungeon)

   Attacks with this weapon are significantly faster.
   It affects your intelligence (-2).
   It affects your dexterity (+2).
   It protects you from fire.
   It insulates you from electricity.
   It affects your magic capacity (+9).
   It has a curse placed upon it.
Missiles
 d - 9 tomahawks (quivered)
 f - 6 tomahawks of returning
Jewellery
 m - a ring of protection from magic (left tentacle)
 n - a ring of protection from magic (right tentacle)
Wands
 A - a wand of digging (13/24)
Scrolls
 e - 2 scrolls of remove curse {unknown}
 i - 2 scrolls of identify {unknown}
 k - a scroll of noise {unknown}
 l - a scroll of fear {unknown}
 o - a scroll of enchant armour {unknown}
 t - a scroll of vulnerability {unknown}
 u - a scroll of blinking {unknown}
 v - a scroll of immolation {unknown}
Potions
 j - 2 potions of flight
 r - a potion of cure mutation
Books
 a - a book of Necromancy

   Spells                             Type                      Level
   a - Pain                           Necromancy                   1
   b - Animate Skeleton               Necromancy                   1
   c - Vampiric Draining              Necromancy                   3
   d - Regeneration                   Charms/Necromancy            3
   e - Animate Dead                   Necromancy                   4
   f - Control Undead                 Necromancy                   4
 s - a book of Conjurations

   Spells                             Type                      Level
   a - Magic Dart                     Conjuration                  1
   b - Searing Ray                    Conjuration                  2
   c - Dazzling Spray                 Conjuration/Hexes            3
   d - Fulminant Prism                Conjuration/Hexes            4
   e - Iskenderun's Mystic Blast      Conjuration                  4
   f - Iskenderun's Battlesphere      Conjuration/Charms           5
Comestibles
 b - 5 bread rations
 c - 3 slices of pizza
 g - a beef jerky
 p - 4 fruits
 q - 2 meat rations


   Skills:
 + Level 4.0 Fighting
 + Level 4.8 Dodging
 - Level 2.6 Stealth
 + Level 8.8 Unarmed Combat
 - Level 2.0 Spellcasting
 * Level 4.5 Hexes
 - Level 4.0 Necromancy


You had 4 spell levels left.
You knew the following spells:

 Your Spells              Type           Power        Failure   Level  Hunger
a - Pain                  Necr           ###.         3%          1    #......
b - Animate Skeleton      Necr           N/A          3%          1    #......
c - Regeneration          Chrm/Necr      #.........   24%         3    ###....
d - Dazzling Spray        Conj/Hex       #.....       24%         3    ###....


Dungeon Overview and Level Annotations

Branches:
Dungeon (8/15)
 Temple: D:4-7         Lair: D:8-11

Altars:
Ashenzari
Makhleb
Okawaru

Shops:
D:6 [

Annotations:
D:6 INVISIBLE BEAST


Innate Abilities, Weirdness & Mutations

You cannot wear most types of armour.
You are very stealthy in the water. (Stealth+)
You are amphibious.
You can wear up to eight rings at the same time.
You can use your tentacles to constrict eight enemies at once.
Your skin changes colour to match your surroundings (Stealth+).
Your rubbery body absorbs attacks. (AC +1, EV +1)


Message History

Something closely misses you.
You miss something. Your squeeze misses something.
Something barely misses you. x2
You barely miss something. Something hits you! Something hits you. x2
* * * LOW HITPOINT WARNING * * *
You feel much better. Something hits you! x3
* * * LOW HITPOINT WARNING * * *
Okay, then.
As you read the scroll of teleportation, it crumbles to dust.
You feel strangely unstable. Something hits you.
* * * LOW HITPOINT WARNING * * *
Something hits you but does no damage. Something hits you.
* * * LOW HITPOINT WARNING * * *
You feel better. Something hits you!
* * * LOW HITPOINT WARNING * * *
Something hits you.
* * * LOW HITPOINT WARNING * * *
Something barely misses you.
The sentinel's mark upon you fades away.
Something hits you!
You die...

..'....>..[.......#
..#...............#
######).....#######
.....).###### #####..# .#
#..# .# #..# # #[.#
############## #..#
#..รท@........#
.####..######.#########.##
................# #.#
.###.#.######.#.# #.#
#.#.# #.#.# #.# #.#.#
#.#.#######.#
#.#.######.#.>.......#
#.#...)....###########
####.##########


There were no monsters in sight!

Vanquished Creatures
  The ghost of TheForgottenOwl the Basher, a novice MiFi of Okawaru (D:7)
  Grinder (D:5)
  Menkaure (D:4)
  The ghost of M4edhros the Insei, an amateur OpNe (D:5)
  An orc warrior (D:7)
  Duvessa (D:5)
  An ice beast (D:6)
  Dowan (D:5)
  A crimson imp (D:6)
  2 jellies
  A hound (D:7)
  A centaur skeleton (D:6)
  3 orc priests
  3 orc wizards
  An iguana (D:7)
  Terence (D:2)
  2 worker ants
  A hound zombie (D:5)
  A hound skeleton (D:7)
  A howler monkey skeleton (D:5)
  2 gnolls (D:6)
  8 adders
  2 shadow imps (D:6)
  An adder zombie (D:5)
  3 worms
  2 leopard geckos
  14 orcs
  2 ball pythons
  5 giant cockroaches
  4 goblins
  6 hobgoblins
  6 jackals
  3 quokkas
  A bat (D:3)
  2 frilled lizards
  A jackal skeleton (D:5)
  2 kobolds
  A leopard gecko skeleton (D:4)
  A quokka skeleton (D:5)
  4 rats
96 creatures vanquished.

Vanquished Creatures (collateral kills)
  A scorpion (D:6)
  A jelly (D:7)
  2 orc wizards
  A worker ant (D:6)
  A gnoll (D:6)
  2 orcs
8 creatures vanquished.

Grand Total: 104 creatures vanquished

Notes
Turn   | Place    | Note
-------+----------+-------------------------------------------
     0 | D:1      | M4edhros the Octopode Necromancer began the quest for the Orb.
     0 | D:1      | Reached XP level 1. HP: 11/11 MP: 3/3
    17 | D:1      | You fall through a shaft!
    42 | D:2      | Reached skill level 1 in Unarmed Combat
    42 | D:2      | Reached XP level 2. HP: 15/17 MP: 1/5
    99 | D:3      | Reached skill level 2 in Unarmed Combat
   106 | D:3      | Found an iron altar of Okawaru.
   192 | D:4      | Reached XP level 3. HP: 15/21 MP: 3/6
   195 | D:4      | Learned a level 1 spell: Animate Skeleton
   199 | D:4      | Learned a level 3 spell: Regeneration
   423 | D:2      | Reached skill level 3 in Unarmed Combat
   438 | D:2      | Noticed Terence
   596 | D:2      | Reached XP level 4. HP: 18/27 MP: 7/7
   606 | D:2      | Found a shattered altar of Ashenzari.
   756 | D:2      | Killed Terence
   756 | D:2      | Reached skill level 4 in Unarmed Combat
   837 | D:4      | Reached XP level 5. HP: 31/31 MP: 2/8
   883 | D:4      | Gained mutation: Your flesh is cold resistant. (rC+) [potion of mutation]
   883 | D:4      | Gained mutation: Your system is resistant to poisons. (rPois) [potion of mutation]
   883 | D:4      | Gained mutation: You are weak. (Str -2) [potion of mutation]
  1056 | D:3      | Reached skill level 5 in Unarmed Combat
  1109 | D:4      | Noticed Menkaure
  1123 | D:4      | Killed Menkaure
  1123 | D:4      | Reached skill level 6 in Unarmed Combat
  1123 | D:4      | Reached XP level 6. HP: 14/36 MP: 5/9
  1164 | D:5      | Entered Level 5 of the Dungeon
  1211 | D:5      | Noticed M4edhros's ghost (amateur OpNe)
  1338 | D:5      | Noticed Grinder
  1352 | D:5      | Killed Grinder
  1352 | D:5      | Reached skill level 7 in Unarmed Combat
  1352 | D:5      | Reached XP level 7. HP: 30/41 MP: 2/10
  1778 | D:7      | Noticed TheForgottenOwl's ghost (novice MiFi)
  1900 | D:6      | Reached skill level 1 in Fighting
  1957 | D:6      | HP: 1/43 [something (6)]
  2124 | D:6      | Found Yraeq's Antique Armour Boutique.
  2224 | D:6      | Reached XP level 8. HP: 28/50 MP: 6/11
  2299 | D:6      | Reached skill level 8 in Unarmed Combat
  2398 | D:7      | Learned a level 3 spell: Dazzling Spray
  2514 | D:7      | Reached skill level 1 in Hexes
  2531 | D:7      | Killed TheForgottenOwl's ghost
  2599 | D:7      | Found a burning altar of Makhleb.
  2607 | D:7      | Got a pitted whip
  2664 | D:7      | Lost mutation: Your system is resistant to poisons. (rPois) [potion of cure mutation]
  2664 | D:7      | Lost mutation: You are weak. (Str -2) [potion of cure mutation]
  2664 | D:7      | Lost mutation: Your flesh is cold resistant. (rC+) [potion of cure mutation]
  2672 | D:7      | Reached XP level 9. HP: 47/58 MP: 8/12
  2803 | D:5      | Noticed Dowan
  2804 | D:5      | Noticed Duvessa
  2990 | D:5      | Killed Duvessa
  2991 | D:5      | Killed Dowan
  3111 | D:5      | Killed M4edhros's ghost
  3332 | D:6      | HP: 1/58 [something (4)]
  3333 | D:6      | Mangled by an unseen horror

Skill      XL: |  1  2  3  4  5  6  7  8  9 |
---------------+----------------------------+-----
Unarmed Combat | 1 2 3 4 6 7 8 |  8.8
Fighting       | 2 3 4 |  4.0
Dodging        | 3 4 |  4.8
Hexes          | 3 4 |  4.5
Stealth        | |  2.6
Spellcasting   | |  2.0
Necromancy     | |  4.0

Action                   |  1- 3 |  4- 6 |  7- 9 || total
-------------------------+-------+-------+-------++-------
Melee: Unarmed           |    28 |    65 |   140 ||   233
       Constrict         |     8 |    14 |    29 ||    51
       Tentacles         |     5 |    16 |    25 ||    46
       Punch             |       |     3 |    12 ||    15
Throw: Tomahawk          |       |       |     2 ||     2
 Cast: Pain              |    26 |    17 |     7 ||    50
       Regeneration      |     1 |    13 |    25 ||    39
       Animate Skeleton  |       |     7 |    14 ||    21
       Dazzling Spray    |       |       |     7 ||     7
  Use: Potion            |       |     5 |     8 ||    13
       Scroll            |       |       |     3 ||     3
 Stab: Sleeping          |     3 |     1 |    10 ||    14
       Distracted        |       |     1 |     1 ||     2
       Invisible         |       |       |     1 ||     1
  Eat: Chunk             |       |     5 |     8 ||    13
       Meat ration       |       |       |     1 ||     1
Armor: Skin              |     2 |     3 |    10 ||    15
Dodge: Dodged            |    15 |    36 |    69 ||   120
